 Dungeon Crawl Stone Soup version 0.27-a0-124-g19cb506db8 (webtiles) character file.

Game seed: 2597448832980354627

8 knot the Chopper (level 2, 20/24 HPs)
             Began as a Demonspawn Berserker on Jan 26, 2021.
             Was a Follower of Trog.
             Quit the game on level 1 of the Dungeon.
             The game lasted 00:00:22 (498 turns).

knot the Chopper (Demonspawn Berserker)              Turns: 498, Time: 00:00:22

Health: 20/24      AC:  2    Str: 17    XL:     2   Next: 0%
Magic:  2/2        EV: 12    Int:  8    God:    Trog [*.....]
Gold:   32         SH:  0    Dex: 12    Spells: 1/1 levels left

rFire    . . .     SeeInvis .   a - +0 hand axe
rCold    . . .     Faith    .   (no shield)
rNeg     . . .     Spirit   .   b - +0 animal skin
rPois    .         Reflect  .   (no helmet)
rElec    .         Harm     .   (no cloak)
rCorr    .         Rampage  .   (no gloves)
Will     .....                  (no boots)
Stlth    +.........             (no amulet)
HPRegen  0.08/turn              (no ring)
MPRegen  0.08/turn              (no ring)

@: no status effects
A: hooves 1
a: Renounce Religion, Berserk


You were on level 1 of the Dungeon.
You worshipped Trog.
Trog was aware of your devotion.
You visited 1 branch of the dungeon, and saw 1 of its levels.

You collected 32 gold pieces.

Inventory:

Hand Weapons
 a - a +0 hand axe (weapon)
Missiles
 d - 17 stones
 e - 3 javelins
Armour
 b - a +0 animal skin (worn)
Potions
 c - 2 potions of attraction {unknown}
 f - a potion of flight {unknown}
 g - a potion of degeneration {unknown}


   Skills:
 - Level 3.0 Fighting
 + Level 3.2 Axes
 - Level 1.7 Armour
 - Level 1.7 Dodging


You had one spell level left.
You didn't know any spells.
Your spell library was empty.

Dungeon Overview and Level Annotations

Branches:
Dungeon (1/15)

Altars:


Innate Abilities, Weirdness & Mutations

You have large cloven feet.


Message History

You now have 32 gold pieces (gained 13).
A goblin comes into view. It is wielding a +0 dagger.
The goblin shouts!
A goblin is nearby!
The goblin hits you but does no damage.
You miss the goblin. The goblin hits you with a +0 dagger.
The goblin hits you but does no damage.
You hit the goblin.
The goblin is severely wounded.
The goblin hits you but does no damage.
You closely miss the goblin.
The goblin is severely wounded.
The goblin hits you but does no damage.
You slash the goblin!
You kill the goblin!
Trog accepts your kill.
You have reached level 2!
Your demonic ancestry asserts itself...
Your feet thicken and deform.
Are you sure you want to abandon this character and quit the game? (Confirm with "yes".)

##...........
.......
#..##........
..##.##
#.###....#.## .
..... #.# ######.#
.. #... ####.#### .#
.#. #... #.......#
.# .... #.
#.......#####.#...#
##
#.................##
##.##
#...........@)......
.....
#..........[......#.
.....
##############....#
.##.# #.#... #.. .#
.. ##.. . . ..... .
.#.>. .. #... ##..


There were no monsters in sight!

Vanquished Creatures
  A bat (D:1)
  2 goblins (D:1)
  A hobgoblin (D:1)
  A ball python (D:1)
  2 frilled lizards (D:1)
  2 kobolds (D:1)
9 creatures vanquished.

Notes
Turn   | Place    | Note
-------+----------+-------------------------------------------
     0 | D:1      | knot the Demonspawn Berserker began the quest for the Orb.
     0 | D:1      | Reached XP level 1. HP: 18/18 MP: 1/1
   498 | D:1      | Gained mutation: You have large cloven feet. [demonic
                  | ancestry]
   498 | D:1      | Reached XP level 2. HP: 20/24 MP: 2/2
   498 | D:1      | Quit the game

Illustrated notes

Levels and vault maps discovered:
D:1:      sevenhm_arrival_forest_fort_small_4, layout_rooms, hex_intersection

Skill      XL: |  1 |
---------------+----+-----
Axes           | 3 |  3.2
Fighting       | |  3.0
Armour         | |  1.7
Dodging        | |  1.7

Action                   || total
-------------------------++-------
Melee: Hand axe          ||    34
Armor: Animal skin       ||     9
Dodge: Dodged            ||    30

Table legend: (Time is in decaauts)
 A = Elapsed time spent in this place.
 B = Non-inter-level travel time spent in this place.
 C = Inter-level travel time spent in this place.
 D = Time resting spent in this place.
 E = Time spent auto-exploring this place.
 F = Levels seen in this place.
 G = Mean time per level.
                   A        B        C        D        E       F      G
               +--------+--------+--------+--------+--------+-----+--------+
         Total |    505 |    505 |      0 |      0 |    423 |   1 |  505.0 |
       Dungeon |    505 |    505 |      0 |      0 |    423 |   1 |  505.0 |
               +--------+--------+--------+--------+--------+-----+--------+

Top non-repeatable levels by time:
     D:1: 505 daAuts
